 Dungeon Crawl Stone Soup version 0.30-a0-996-ga6910c8ee8 (webtiles) character file.

Game seed: 16940487418946591513

55 bande the Covered (level 3, -3/24 HPs)
             Began as a Gargoyle Fighter on Apr 4, 2023.
             Killed by divine providence
             ... invoked by an orc priest
              (13 damage)
             ... on level 3 of the Dungeon.
             The game lasted 00:01:47 (1283 turns).

bande the Covered (Gargoyle Fighter)                Turns: 1283, Time: 00:01:47

Health: -3/24      AC: 11    Str: 19    XL:     3   Next: 93%
Magic:  0/3        EV:  9    Int:  8    God:
Gold:   81         SH:  4    Dex: 11    Spells: 2/2 levels left

rFire   . . .      SeeInvis .    a - +0 war axe
rCold   . . .      Faith    .    c - +0 buckler
rNeg    + . .      Spirit   +    b - +0 scale mail
rPois   ∞          Reflect  .    (no helmet)
rElec   +          Rampage  .    (no cloak)
rCorr   .                        i - +0 pair of gloves
Will    .....                    (no boots) Stlth
                                 f - amulet of guardian spirit
HPRegen 0.24/turn                (no ring)
MPRegen 0.08/turn                (no ring)

@: no status effects
A: sickness immunity, AC +3, negative energy resistance 1, electricity
resistance, torment resistance 1, petrification resistance
a: no special abilities


You were on level 3 of the Dungeon.
You visited 1 branch of the dungeon, and saw 3 of its levels.

You collected 81 gold pieces.

Inventory:

Hand Weapons
 a - a +0 war axe (weapon)
Armour
 b - a +0 scale mail (worn)
 c - a +0 buckler (worn)
 i - a +0 pair of gloves (worn)
Jewellery
 f - an amulet of guardian spirit (around neck)
 q - an amulet of faith
Scrolls
 g - 2 scrolls of identify {unknown}
 j - 2 scrolls of fog {unknown}
 l - a scroll of enchant weapon {unknown}
 m - 2 scrolls of fear {unknown}
 p - a scroll of silence {unknown}
Potions
 d - a potion of might
 e - a potion of curing
 h - a potion of brilliance {unknown}
 k - 2 potions of degeneration {unknown}
 n - 2 potions of resistance {unknown}
 o - a potion of heal wounds {unknown}


   Skills:
 + Level 3.7 Fighting
 + Level 2.5 Axes
 + Level 3.7 Armour
 - Level 0.2 Dodging
 + Level 3.7 Shields


You had 2 spell levels left.
You didn't know any spells.
Your spell library was empty.

Dungeon Overview and Level Annotations

Branches:
Dungeon (3/15)

Altars:


Innate Abilities, Weirdness & Mutations

You are immune to sickness and miasma.
Your stone body is resilient. (AC +3)
You are immune to poison.
You resist negative energy. (rN+)
You are resistant to electric shocks. (rElec)
You are resistant to unholy torment.
You are immune to petrification.


Message History

The orc priest hits you with a +1 dagger of holy wrath.
The orc wizard gestures at you while chanting.
The magic dart hits you but does no damage.
An orc comes into view. It is wielding a +0 club.
You barely miss the orc.
The orc shouts!
You hit the orc priest but do no damage.
You hit the orc wizard.
The orc priest hits you with a +1 dagger of holy wrath.
The orc hits you but does no damage.
The orc wizard hits you but does no damage.
The orc completely misses you.
The orc priest hits you but does no damage.
The orc wizard hits you but does no damage.
The orc hits you but does no damage.
You barely miss the orc. You closely miss the orc wizard.
You closely miss the orc priest. The orc hits you but does no damage.
The orc priest hits you with a +1 dagger of holy wrath.
* * * LOW HITPOINT WARNING * * *
The orc wizard barely misses you. You block the orc's attack.
You closely miss the orc priest.
The orc priest is heavily wounded.
You closely miss the orc. You closely miss the orc wizard.
The orc priest hits you with a +1 dagger of holy wrath.
* * * LOW HITPOINT WARNING * * *
The orc wizard hits you but does no damage.
The orc barely misses you. You block the orc's attack.
The orc priest misses you.
The orc wizard hits you but does no damage.
It was a potion of curing.
You feel better. The orc barely misses you.
The orc priest hits you but does no damage.
The orc wizard hits you with a +0 dagger.
You barely miss the orc priest.
The orc priest is heavily wounded.
You barely miss the orc. You closely miss the orc wizard.
The orc hits you but does no damage.
The orc priest calls down the wrath of Beogh upon you.
Beogh smites you!
Ouch! That really hurt!
You die...

#.#.. #.#.#
########...##
##...........##
##.............
#............#
###.........o#.#
...........@o.# .#
#.........#oo.....
...##.<....<..##......
............## ......
##.........# ..<..
#.†.......# #....
#.........# ....
#..<......# ...
#...........#


You could see an orc priest, an orc wizard and 2 orcs.

Vanquished Creatures
  A gnoll (D:1)
  3 worms (D:2)
  4 ball pythons
  3 endoplasms (D:1)
  A giant cockroach (D:1)
  2 goblins (D:1)
  4 hobgoblins
  3 jackals (D:1)
  2 kobolds
  A quokka (D:2)
  6 bats
  A frilled lizard (D:1)
  4 rats
35 creatures vanquished.

Notes
Turn   | Place    | Note
-------+----------+-------------------------------------------
     0 | D:1      | bande the Gargoyle Fighter began the quest for the Orb.
     0 | D:1      | Reached XP level 1. HP: 14/14 MP: 1/1
   157 | D:1      | Reached XP level 2. HP: 19/19 MP: 2/2
   454 | D:1      | Reached XP level 3. HP: 23/23 MP: 3/3
  1283 | D:3      | Killed from afar by an orc priest

Illustrated notes

Levels and vault maps discovered:
D:1:      dpeg_arrival_stonehenge_8_columns, layout_loops_ring,
          skrybe_limestone_x, minmay_pentomino_w2
D:2:      layout_basic
D:3:      layout_rooms

Skill      XL: |  1  2 |
---------------+-------+-----
Axes           | 2 |  2.5
Fighting       | |  3.7
Armour         | |  3.7
Dodging        | |  0.2
Shields        | |  3.7

Action                     || total
---------------------------++-------
  Melee: War axe           ||   126
    Use: Potion            ||     1
 Armour: Scale mail        ||    98
  Dodge: Dodged            ||    64
  Block: Buckler           ||    29

Table legend: (Time is in decaauts)
 A = Elapsed time spent in this place.
 B = Non-inter-level travel time spent in this place.
 C = Inter-level travel time spent in this place.
 D = Time resting spent in this place.
 E = Time spent auto-exploring this place.
 F = Levels seen in this place.
 G = Mean time per level.
                   A        B        C        D        E       F      G
               +--------+--------+--------+--------+--------+-----+--------+
         Total |   1339 |   1308 |     31 |     44 |    932 |   3 |  446.3 |
       Dungeon |   1339 |   1308 |     31 |     44 |    932 |   3 |  446.3 |
               +--------+--------+--------+--------+--------+-----+--------+

Top non-repeatable levels by time:
     D:1: 762 daAuts
     D:2: 541 daAuts
     D:3: 35 daAuts
